AoeStats
← FoldedAunt23528

Black Forest

510051578Analyzed
4v4 RM · 3d ago on Sep 29, 2026· 41m 15s· 8 players
Game mode
Random Map
Map size
Large (8 player)
Population
200
Speed
Normal
Resources
Standard
Victory
Conquest
Starting age
Dark Age
Ending age
Imperial Age
RankedLock teamsTeams togetherTeam positionsShared explorationLock speedFull tech treeHidden civsTurbo modeCheats
Victory
Defeat
🇨🇳 Mongols · China
1490
+12
🇦🇺 Teutons · Australia
1452
+13
🇹🇼 Cumans · Taiwan
1399
+15
🇯🇵 Spanish · Japan
1378
+16
🇹🇷 Danes · Türkiye
1432
-16
🇳🇱 Ethiopians · Netherlands
1416
-15
🇺🇸 Bohemians · United States
1391
-14
🇺🇸 Romans · United States
1321
-11
DEMLOUDBOYZ
10:54 Feudal Age
14:54 Castle Age
12:42 Double-Bit Axe
13:29 Horse Collar
16:13 Bow Saw
17:59 Fervor
21:44 Wheelbarrow
22:15 Town Watch
22:52 Redemption
23:04 Sanctity
26:47 Hand Cart
31:31 Imperial Age
33:23 Padded Archer Armor
33:39 Scale Mail Armor
33:50 Forging
34:06 Block Printing
34:28 Theocracy
34:20 Illumination
33:52 Pikeman
34:50 Chain Mail Armor
34:43 Fletching
35:48 Iron Casting
35:20 Loom
35:59 Conscription
35:03 Halberdier
35:59 Squires
37:36 Plate Mail Armor
37:20 Murder Holes
37:46 Ballistics
SAMOAN SHOTGUN
2:13 Loom
17:09 Feudal Age
18:44 Double-Bit Axe
21:45 Castle Age
23:08 Bow Saw
pac.Padawan NL
11:27 Feudal Age
12:32 Town Watch
15:09 Castle Age
15:17 Double-Bit Axe
16:42 Bow Saw
18:02 Fishing Lines
19:46 Gillnets
23:21 Gold Mining
24:41 Wheelbarrow
28:37 Imperial Age
29:16 Scale Mail Armor
29:26 Forging
30:19 Two-Man Saw
29:43 Ballistics
30:25 Chemistry
29:34 Siege Engineers
30:55 Squires
30:40 Arson
31:12 Chain Mail Armor
31:32 Iron Casting
30:43 Halberdier
31:47 Hand Cart
31:17 Loom
32:21 Torsion Engines
33:06 Conscription
36:22 Thumb Ring
35:38 Crossbowman
35:59 Capped Ram
37:23 Plate Mail Armor
37:54 Blast Furnace
36:44 Fletching
37:51 Ballistics
39:44 Arbalester
MinorCloud9519
0:52 Loom
10:51 Feudal Age
11:35 Double-Bit Axe
16:24 Castle Age
15:30 Horse Collar
17:42 Bow Saw
17:48 Town Watch
19:15 Fletching
19:41 Heavy Plow
21:13 Gold Mining
22:09 Wheelbarrow
29:36 Hand Cart
32:25 Imperial Age
30:36 Gold Shaft Mining
29:52 Stone Mining
31:48 Scale Mail Armor
31:58 Forging
31:44 Bodkin Arrow
32:50 Chain Mail Armor
32:40 Squires
32:25 Gambesons
32:27 Arson
33:29 Conscription
34:56 Iron Casting
34:22 Bracer
35:06 Elite Varangian Guard
37:40 Plate Mail Armor
38:10 Blast Furnace
37:33 Ballistics
37:07 Man-at-Arms
40:00 Masonry
42:29 Chemistry
41:21 Heated Shot
MAD
9:11 Feudal Age
10:16 Double-Bit Axe
10:22 Horse Collar
17:43 Loom
18:20 Gold Mining
20:40 Castle Age
18:56 Scale Barding Armor
19:57 Forging
20:30 Wheelbarrow
20:55 Bloodlines
21:47 Bow Saw
23:34 Gold Shaft Mining
23:03 Heavy Plow
24:20 Light Cavalry
26:06 Hand Cart
27:05 Chain Barding Armor
28:34 Iron Casting
31:06 Capped Ram
34:51 Imperial Age
34:52 Cavalier
36:10 Plate Barding Armor
36:55 Two-Man Saw
36:27 Crop Rotation
35:44 Town Watch
36:22 Siege Ram
36:43 Paladin
40:49 Blast Furnace
39:39 Fletching
41:05 Masonry
41:56 Chemistry
41:32 Fervor
41:45 Padded Archer Armor
FoldedAunt23528
1:52 Loom
3:59 Loom
10:37 Feudal Age
14:28 Castle Age
13:18 Stone Mining
13:55 Double-Bit Axe
18:23 Town Watch
24:05 Wheelbarrow
26:03 Hand Cart
30:55 Gold Mining
31:40 Stone Shaft Mining
31:35 Horse Collar
35:11 Imperial Age
34:11 Heavy Plow
34:25 Bow Saw
34:25 Scale Barding Armor
35:13 Fletching
35:23 Padded Archer Armor
35:44 Chain Barding Armor
35:35 Forging
36:08 Ballistics
36:02 Fortified Wall
35:29 Elite Skirmisher
36:54 Thumb Ring
38:12 Chemistry
36:37 Cavalier
37:17 Husbandry
37:27 Bloodlines
39:16 Two-Man Saw
38:48 Bodkin Arrow
39:08 Leather Archer Armor
39:29 Plate Barding Armor
39:30 Iron Casting
38:45 Paladin
gifted
13:07 Feudal Age
13:52 Loom
17:20 Castle Age
15:44 Double-Bit Axe
19:28 Bow Saw
18:59 Demolition Ship
19:23 Fishing Lines
21:42 Horse Collar
24:44 Wheelbarrow
24:55 Gillnets
27:19 Gold Mining
28:42 Hand Cart
32:23 Imperial Age
31:04 Bloodlines
31:24 Forging
31:21 Scale Barding Armor
32:54 Iron Casting
32:08 Man-at-Arms
32:34 Gambesons
33:31 Scale Mail Armor
33:08 Cavalier
33:47 Long Swordsman
34:49 Two-Handed Swordsman
36:41 Blast Furnace
35:58 Chain Mail Armor
35:53 Champion
36:35 Squires
38:16 Chemistry
39:16 Plate Mail Armor
czj136
0:33 Loom
12:46 Feudal Age
14:27 Double-Bit Axe
16:20 Wheelbarrow
16:05 Gold Mining
19:34 Castle Age
18:13 Horse Collar
32:12 Imperial Age
30:08 Fletching
30:16 Stone Mining
31:30 Bodkin Arrow
31:58 Ballistics
32:08 Padded Archer Armor
32:48 Bow Saw
32:57 Bracer
34:29 Chemistry
35:09 Leather Archer Armor
35:32 Capped Ram
36:16 Crossbowman
37:03 Thumb Ring
37:06 Heavy Plow
37:45 Drill
37:39 Elite Mangudai
39:03 Parthian Tactics
39:14 Husbandry
39:24 Bloodlines
Connection lost

Rejoining the realm…

Still unreachable

The connection could not be restored.

Session expired

The server has moved on; the page needs a fresh start.